 Dungeon Crawl Stone Soup version 0.27-a0-1118-ga84896973d (webtiles) character file.

Game seed: 6774589967526712677

83641 Froggeryz the Bludgeoner (level 15, -2/158 HPs)
             Began as an Ogre Berserker on May 2, 2021.
             Was the Champion of Trog.
             Slain by Agnes
             ... wielding a +0 lajatang
              (8 damage)
             ... on level 1 of the Snake Pit.
             The game lasted 00:39:24 (23080 turns).

Froggeryz the Bludgeoner (Ogre Berserker)          Turns: 23080, Time: 00:39:25

Health: -2/158     AC: 19    Str: 28    XL:     15   Next: 77%
Magic:  13/15      EV:  8    Int: 20    God:    Trog [******]
Gold:   549        SH:  5    Dex: 10    Spells: 14/14 levels left

rFire    + + .     SeeInvis +   C - +8 giant spiked club (flame)
rCold    + + .     Faith    .   (shield currently unavailable)
rNeg     + . .     Spirit   .   t - +2 shadow dragon scales
rPois    +         Reflect  +   D - +0 hat
rElec    .         Harm     .   h - +1 cloak
rCorr    .         Rampage  .   (gloves unavailable)
Will     ++++.                  (boots unavailable)
Stlth    ++........             S - amulet of reflection
HPRegen  1.36/turn              Q - ring of Qeuty {rF+ rC+ Will+ Int+6 SInv}
MPRegen  0.14/turn              r - ring "Gydoheuff" {rPois rF+ rC+ rN+ Int+6}

@: strong-willed, on berserk cooldown, regenerating, slowed, very slow
A: large, unfitting armour, tough skin 1
a: Renounce Religion, Berserk, Trog's Hand, Brothers in Arms


You were on level 1 of the Snake Pit.
You worshipped Trog.
Trog was exalted by your worship.
You visited 4 branches of the dungeon, and saw 23 of its levels.
You also visited: Ice Cave and Volcano.

You collected 2463 gold pieces.
You spent 1914 gold pieces at shops.

Inventory:

Hand Weapons
 g - the +3 giant spiked club of Eternal War {flame, SInv}
   (Trog gifted it to you on level 1 of the Snake Pit)

   It has been specially enchanted to burn those struck by it, causing extra
   injury to most foes and up to half again as much damage against particularly
   susceptible opponents.
   It lets you see invisible.
 C - a +8 giant spiked club of flaming (weapon)
Missiles
 n - 5 silver javelins
 F - 12 boomerangs of dispersal
 M - 11 curare-tipped darts
 O - 14 atropa-tipped darts
 P - 17 large rocks
Armour
 h - a +1 cloak (worn)
 t - +2 shadow dragon scales (worn)
 D - a +0 hat (worn)
Jewellery
 f - a ring of ice
 m - a ring of protection from fire
 r - the ring "Gydoheuff" (right hand) {rPois rF+ rC+ rN+ Int+6}
   (You acquired it in an ice cave)

   [ring of intelligence]

   It affects your intelligence (+6).
   It protects you from fire.
   It protects you from cold.
   It protects you from poison.
   It protects you from negative energy.
 Q - the ring of Qeuty (left hand) {rF+ rC+ Will+ Int+6 SInv}
   (You bought it in a shop on level 12 of the Dungeon)

   [ring of intelligence]

   It affects your intelligence (+6).
   It protects you from fire.
   It protects you from cold.
   It lets you see invisible.
   It increases your willpower.
 R - a ring of fire
 S - an amulet of reflection (around neck)
Wands
 a - a wand of polymorph (25)
 b - a wand of mindburst (16)
 u - a wand of flame (61)
 x - a wand of paralysis (4)
 y - a wand of digging (6)
 H - a wand of acid (17)
Scrolls
 c - 2 scrolls of teleportation
 d - 5 scrolls of magic mapping
 k - a scroll of summoning
 q - 6 scrolls of fog
 w - 2 scrolls of vulnerability
 E - 2 scrolls of blinking
 I - 3 scrolls of identify
Potions
 e - 12 potions of curing
 j - 4 potions of heal wounds
 l - 2 potions of flight
 o - 3 potions of invisibility
 v - 3 potions of resistance
 A - 5 potions of might
 B - 2 potions of cancellation
 G - 3 potions of berserk rage
 J - 2 potions of degeneration
 L - 3 potions of lignification
 N - 2 potions of haste
Miscellaneous
 s - a tin of tremorstones (1/2)


   Skills:
 - Level 12.4 Fighting
 * Level 19.7 Maces & Flails
 + Level 9.1 Armour
 - Level 6.3 Dodging


You had 14 spell levels left.
You didn't know any spells.
Your spell library contained the following spells:

 Spells                   Type           Power      Damage    Failure   Level
 Freeze                   Ice            0%         1d3       63%         1
 Frozen Ramparts          Ice            0%         1d2       94%         3
 Ozocubu's Armour         Ice            0%         N/A       94%         3
 Hailstorm                Conj/Ice       0%         3d3       100%        4
 Metabolic Englaciation   Hex/Ice        0%         N/A       100%        5


Dungeon Overview and Level Annotations

Branches:
Dungeon (14/15)            Temple (0/1) D:6            Lair (6/6) D:8
 Shoals (0/4) Lair:2        Snake (1/4) Lair:4        Slime (0/5) Lair:6
    Orc (2/2) D:12            Elf (0/3) Orc:2        Vaults (0/5) D:14
  IceCv (visited)         Volcano (visited)

Altars:
Ashenzari
Dithmenos
Fedhas
Gozag
Okawaru
Sif Muna
Trog
Wu Jian
Zin
Beogh
Jiyva

Shops:
D:9 *   D:12 =!   Orc:2 (*[=   Snake:1 **:

Annotations:
Snake:1 Agnes


Innate Abilities, Weirdness & Mutations

You are too large for most types of armour.
You have tough skin. (AC +1)


Message History

Your cyclops hits Agnes!!!
Agnes hits your cyclops with a +0 lajatang.
Your cyclops hits Agnes!!
You hear a shout!
You hear an angry hiss.
Agnes throws a stone.
The stone hits your cyclops.
Agnes hits your cyclops with a +0 lajatang!!!
Your cyclops dies!
Your cyclops's corpse disappears in a puff of smoke!
Aiming: Paralyse
Press: ? - help, Shift-Dir - straight line, f - Agnes
Aim: Agnes, wielding a +0 lajatang, wearing a +0 robe and quivering stones (severely wounded, chance to affect: 1%)
Okay, then.
Unknown command.
Okay, then.
Unknown command.
Okay, then.
Unknown command.
Your skin crawls.
You feel strong-willed. You block Agnes's attack.
Agnes hits you with a +0 lajatang.
* * * LOW HITPOINT WARNING * * *
You barely miss Agnes.
Agnes is severely wounded.
Agnes hits you with a +0 lajatang!!
* * * LOW HITPOINT WARNING * * *
Agnes closely misses you.
As you read the scroll of fog, it crumbles to dust.
The scroll dissolves into smoke.
Agnes hits you with a +0 lajatang!
* * * LOW HITPOINT WARNING * * *
Agnes mutters, "I never trained for this."
Agnes hits you with a +0 lajatang.
* * * LOW HITPOINT WARNING * * *
Agnes closely misses you.
As you read the scroll of fear, it crumbles to dust.
You assume a fearsome visage.
Agnes resists with some effort.
You block Agnes's attack. x2
As you read the scroll of fear, it crumbles to dust.
You assume a fearsome visage.
Agnes resists with almost no effort.
Agnes hits you with a +0 lajatang!
You die...

#......# #. ##..#...
##......##..
#....... .......#...
#.#.∩.# ##.....#...#
###.....#
..........####.)...#
...........##.).)#
.........#.#)..#§#
.........#..)(##i#
.....)..#.....##@#
.............###§#
...######....# #§#
..(.#..###..## #.#
...⌠.⌠####..# #.#
....∩...?).## #.#
...⌠.⌠.)..## #.#
.........## #.#
##########


You could see Agnes.

Vanquished Creatures
  Gastronok (Lair:2)
  2 orc warlords
  Snorg (Orc:1)
  7 hydras
  An ice dragon (Lair:5)
  2 boulder beetles
  7 two-headed ogres
  4 catoblepae
  2 dancing weapons (D:14)
  3 anacondas (Snake:1)
  A centaur warrior (D:13)
  An orc high priest (Orc:2)
  A hell hog (Volcano)
  6 death yaks (Lair:6)
  Urug (D:10)
  A shock serpent (Snake:1)
  Sonja (D:12)
  A fire crab (Volcano)
  An obsidian statue (Volcano)
  A necromancer (IceCv)
  6 orc knights
  A mana viper (Snake:1)
  4 orc sorcerers (Orc:2)
  2 cyclopes
  5 manticores
  5 elephants (Lair:4)
  2 naga magi (Snake:1)
  11 cane toads
  8 black mambas
  3 ice statues (IceCv)
  3 gargoyles
  10 komodo dragons
  A kobold demonologist (D:10)
  6 rime drakes
  8 ice devils (IceCv)
  A tengu conjurer (D:14)
  7 trolls
  A wind drake (Lair:2)
  A wind drake (shapeshifter) (D:14)
  3 blink frogs (Lair:3)
  9 slime creatures
  4 dream sheep (Lair:3)
  A water elemental (D:14)
  An air elemental (D:14)
  65 yaks
  A fire elemental (D:14)
  A wraith (D:12)
  Grum (D:11)
  A vampire (D:11)
  3 basilisks
  2 wyverns
  4 steam dragons
  5 fire bats (Volcano)
  3 vampire mosquitoes (D:12)
  9 nagas
  3 wargs (Orc:2)
  11 water moccasins
  Duvessa (D:5)
  An ice beast (D:7)
  32 orc warriors
  A sky beast (D:6)
  6 black bears
  A necrophage (D:6)
  10 ogres
  2 wolves (D:11)
  5 centaurs
  A kobold brigand (D:10)
  15 bullfrogs
  An earth elemental (D:14)
  A gnoll sergeant (D:12)
  A scorpion (D:6)
  Dowan (D:5)
  A water moccasin zombie (D:7)
  8 wights (D:8)
  4 howler monkeys
  6 lava snakes (Volcano)
  3 centaur zombies
  2 bullfrog zombies
  A draconian simulacrum (IceCv)
  4 hounds
  17 orc priests
  3 centaur skeletons (D:7)
  4 iguanas
  27 orc wizards
  2 spriggan simulacra (IceCv)
  3 troll simulacra (IceCv)
  2 centaur simulacra (IceCv)
  2 hound skeletons
  3 howler monkey zombies
  An ogre simulacrum (IceCv)
  8 gnolls
  A howler monkey skeleton (D:5)
  6 adders
  A naga simulacrum (IceCv)
  4 white imps
  4 ufetubi
  3 worms
  2 dart slugs
  66 orcs
  8 bats
  11 endoplasms
  5 giant cockroaches
  8 hobgoblins
  16 jackals
  3 quokkas
  3 ball pythons
  6 frilled lizards
  12 goblins
  13 kobolds
  6 rats
615 creatures vanquished.

Vanquished Creatures (collateral kills)
  5 blink frogs (Lair:3)
5 creatures vanquished.

Vanquished Creatures (others)
  20 fungi
  14 plants
34 creatures vanquished.

Grand Total: 654 creatures vanquished

Notes
Turn   | Place    | Note
-------+----------+-------------------------------------------
     0 | D:1      | Froggeryz the Ogre Berserker began the quest for the Orb.
     0 | D:1      | Reached XP level 1. HP: 24/24 MP: 1/1
   245 | D:1      | Found a faded altar of an unknown god.
   289 | D:1      | Reached skill level 3 in Maces & Flails
   365 | D:1      | Reached XP level 2. HP: 30/32 MP: 2/2
   820 | D:1      | Reached ** piety under Trog
   824 | D:1      | Reached XP level 3. HP: 32/39 MP: 3/3
  1132 | D:2      | Reached skill level 4 in Maces & Flails
  1176 | D:2      | Reached XP level 4. HP: 46/48 MP: 4/4
  1208 | D:2      | Found a blossoming altar of Fedhas.
  1451 | D:2      | Reached *** piety under Trog
  1550 | D:2      | Reached skill level 5 in Maces & Flails
  1550 | D:2      | Reached XP level 5. HP: 42/54 MP: 5/5
  2420 | D:3      | Found a shimmering blue altar of Sif Muna.
  2797 | D:4      | Reached skill level 6 in Maces & Flails
  2797 | D:4      | Reached XP level 6. HP: 61/62 MP: 6/6
  2842 | D:4      | Reached **** piety under Trog
  3540 | D:5      | Entered Level 5 of the Dungeon
  3587 | D:5      | Reached skill level 7 in Maces & Flails
  3587 | D:5      | Reached XP level 7. HP: 69/70 MP: 7/7
  3740 | D:5      | You fall into a shaft and drop 3 floors!
  3740 | D:8      | Found a staircase to the Lair.
  3898 | D:7      | Reached skill level 8 in Maces & Flails
  3918 | D:6      | Reached XP level 8. HP: 50/78 MP: 8/8
  4135 | D:5      | Noticed Duvessa
  4135 | D:5      | Noticed Dowan
  4141 | D:5      | Killed Duvessa
  4142 | D:5      | Reached skill level 9 in Maces & Flails
  4142 | D:5      | Killed Dowan
  4143 | D:5      | Reached skill level 5 in Fighting
  4430 | D:6      | Reached XP level 9. HP: 28/92 MP: 9/9
  4433 | D:6      | Reached skill level 10 in Maces & Flails
  4552 | D:6      | Found a staircase to the Ecumenical Temple.
  5285 | D:7      | Reached ***** piety under Trog
  5294 | D:7      | Found a bloodstained altar of Trog.
  5376 | D:7      | Found an opulent altar of Gozag.
  5377 | D:7      | Found a broken altar of Ashenzari.
  5750 | D:7      | Found a shadowy altar of Dithmenos.
  5752 | D:7      | Found an iron altar of Okawaru.
  6156 | D:8      | Noticed a gargoyle
  6163 | D:8      | Reached skill level 11 in Maces & Flails
  6171 | D:8      | Killed a gargoyle
  6321 | D:8      | Reached XP level 10. HP: 106/106 MP: 10/10
  6584 | Lair:1   | Entered Level 1 of the Lair of Beasts
  6637 | Lair:1   | Noticed a cane toad
  6647 | Lair:1   | HP: 8/160 [cane toad (16)]
  6648 | Lair:1   | Killed a cane toad
  6649 | Lair:1   | Reached skill level 12 in Maces & Flails
  6649 | Lair:1   | HP: 3/165 [yak (7)]
  6656 | Lair:1   | Reached skill level 10 in Fighting
  7033 | Lair:1   | Noticed a cane toad
  7044 | Lair:1   | Killed a cane toad
  7045 | Lair:1   | Reached skill level 13 in Maces & Flails
  7045 | Lair:1   | Reached XP level 11. HP: 88/120 MP: 11/11
  7272 | Lair:1   | Found a dark tunnel.
  7280 | Volcano  | Entered a volcano
  7507 | Volcano  | Noticed a fire crab
  7508 | Volcano  | Found a radiant altar of Vehumet.
  7520 | Volcano  | Killed a fire crab
  7565 | Volcano  | Noticed an obsidian statue
  7565 | Volcano  | Noticed a hell hog
  7614 | Volcano  | Killed a hell hog
  7701 | Volcano  | Killed an obsidian statue
  8092 | Lair:1   | Reached skill level 14 in Maces & Flails
  8132 | Lair:1   | Received a gift from Trog
  8626 | Lair:2   | Noticed Gastronok
  8641 | Lair:2   | Killed Gastronok
  8642 | Lair:2   | Reached XP level 12. HP: 133/133 MP: 12/12
  8694 | Lair:2   | Noticed a six-headed hydra
  8704 | Lair:2   | Killed a six-headed hydra
  8898 | Lair:2   | Noticed a seven-headed hydra
  8911 | Lair:2   | Killed a seven-headed hydra
  9113 | Lair:2   | Reached skill level 15 in Maces & Flails
  9261 | Lair:2   | Reached skill level 5 in Dodging
  9345 | Lair:2   | Found a staircase to the Shoals.
  9865 | Lair:3   | Found a frozen archway.
  9887 | IceCv    | Entered an ice cave
  9994 | IceCv    | Identified a scroll of acquirement
  9998 | IceCv    | Acquired the ring "Gydoheuff" {rPois rF+ rC+ rN+ Int+6}
 10542 | Lair:3   | Reached skill level 1 in Armour
 10598 | Lair:3   | Noticed a catoblepas
 10604 | Lair:3   | Reached XP level 13. HP: 141/141 MP: 13/13
 10606 | Lair:3   | Reached skill level 16 in Maces & Flails
 11488 | Lair:4   | Found a staircase to the Snake Pit.
 12163 | Snake:1  | Entered Level 1 of the Snake Pit
 12163 | Snake:1  | Found Ylom's General Store.
 12272 | Lair:5   | Reached skill level 17 in Maces & Flails
 12513 | Lair:5   | Received a gift from Trog
 12551 | Lair:5   | Noticed an ice dragon
 12563 | Lair:5   | Killed an ice dragon
 13108 | Lair:6   | Entered Level 6 of the Lair of Beasts
 13114 | Lair:6   | Reached skill level 5 in Armour
 13265 | Lair:6   | Reached XP level 14. HP: 150/150 MP: 14/14
 13563 | Lair:6   | Found a viscous altar of Jiyva.
 13563 | Lair:6   | Found a staircase to the Slime Pits.
 13872 | Lair:6   | Reached skill level 18 in Maces & Flails
 13875 | Lair:6   | Received a gift from Trog
 14595 | D:9      | Found Jyluarosk's Demolitions Depot.
 14695 | D:9      | Found a glowing silver altar of Zin.
 14949 | D:10     | Entered Level 10 of the Dungeon
 14949 | D:10     | Noticed Urug
 14952 | D:10     | Killed Urug
 15167 | D:10     | Found an ornate altar of the Wu Jian Council.
 16128 | D:11     | Noticed Grum
 16143 | D:11     | Killed Grum
 16870 | D:12     | Found Roackiha's Distillery.
 16886 | D:12     | Noticed Sonja
 16891 | D:12     | Killed Sonja
 17051 | D:12     | Reached ****** piety under Trog
 17194 | D:12     | Found Qawiaklo's Jewellery Emporium.
 17202 | D:12     | Bought the ring of Qeuty {rF+ rC+ Will+ Int+6 SInv} for
                  | 1250 gold pieces
 17226 | D:12     | Found a staircase to the Orcish Mines.
 17324 | D:12     | Received a gift from Trog
 17810 | D:13     | Reached XP level 15. HP: 135/158 MP: 15/15
 18387 | D:14     | Found a gate to the Vaults.
 18389 | D:14     | Reached skill level 19 in Maces & Flails
 18528 | D:14     | Found a large runed translucent door.
 18529 | D:14     | Found a large runed translucent door.
 19107 | Orc:1    | Entered Level 1 of the Orcish Mines
 19170 | Orc:1    | Noticed an orc warlord
 19211 | D:12     | Killed an orc warlord
 19516 | Orc:2    | Entered Level 2 of the Orcish Mines
 19516 | Orc:2    | Found a staircase to the Elven Halls.
 19525 | Orc:2    | Noticed Snorg
 19605 | Orc:1    | Killed Snorg
 19807 | Orc:2    | Found Lurphaogi's General Store.
 19836 | Orc:2    | Found Tiricy's Antique Weapon Boutique.
 19986 | Orc:2    | Bought 3 large rocks for 27 gold pieces
 19986 | Orc:2    | Bought an amulet of reflection for 390 gold pieces
 20586 | Orc:2    | Found Odibycof's Antique Armour Shoppe.
 20698 | Orc:2    | Noticed an orc warlord
 21110 | Orc:1    | Killed an orc warlord
 22206 | Orc:2    | Found Gaaps's Jewellery Shoppe.
 22614 | Snake:1  | Found Vahiodye's Assorted Antiques.
 22657 | Snake:1  | Identified the +3 giant spiked club of Eternal War {flame,
                  | SInv} (Trog gifted it to you on level 1 of the Snake Pit)
 22657 | Snake:1  | Received a gift from Trog
 23017 | Snake:1  | Bought a scroll of enchant weapon for 247 gold pieces
 23030 | Snake:1  | Found Doryas's Book Emporium.
 23067 | Snake:1  | Noticed Agnes
 23078 | Snake:1  | HP: 7/158 [Agnes/+0 lajatang (8)]
 23078 | Snake:1  | HP: 2/158 [Agnes/+0 lajatang (5)]
 23080 | Snake:1  | Slain by Agnes

Illustrated notes

Levels and vault maps discovered:
D:1:      eino_arrival_cavern_b, layout_loops_ring,
          shapermc_ecumenical_altar_mp_urbaneastern
D:2:      layout_rooms, basic_altar
D:3:      minmay_diamond_boxcup, layout_loops_ring,
          lemuel_coloured_pillars_altar, serial_bayou_pond_c
D:4:      layout_loops_corners
D:5:      layout_rooms, uniq_duvessa
D:6:      minmay_general_purpose_star, layout_loops_ring,
          minmay_temple_entry_statues_fountains
D:7:      layout_basic, marbit_many_paths, nicolae_overflow_hidden_temple
D:8:      minmay_flawed_box, layout_cave_pools
D:9:      layout_rooms, kennysheep_mini_moat, nicolae_blasting_shop
D:10:     layout_basic, kennysheep_little_box, uniq_urug
D:11:     layout_roguey, uniq_grum
D:12:     layout_small_grid, orc_0_dummy, serial_shops, kennysheep_mini,
          nicolae_shop_trees, uniq_sonja
D:13:     layout_basic
D:14:     layout_loops_ring, erik_vaults_1, lightli_elemental_guards
Lair:1:   layout_cave_pods, lightli_volcano_entry_magma_tube,
          lemuel_old_faithful
Lair:2:   layout_gridlike, minmay_shoals_entry_beasts, serial_rivers,
          chequers_serial_rivers_large_b, chequers_serial_rivers_large_a,
          chequers_serial_rivers_micro_a, chequers_serial_rivers_small_3,
          uniq_gastronok
Lair:3:   layout_roguey, portal_ice_cave_rime
Lair:4:   layout_hall_layers, minmay_snake_entry_guardpost_medium
Lair:5:   layout_regular_city, bobbens_ice_dragon_lair, grunt_megastairs_1
Lair:6:   evilmike_catoblepas_cave, layout_cave_pods,
          dpeg_slime_entry_enclosed_altar, serial_bayou_pond_d,
          grunt_megastairs_3, serial_bayou_shore_a
Snake:1:  layout_onion_interference, serial_shops, shop,
          nicolae_shop_statue_plus, shop_fountains, shop, nicolae_shop_stone,
          lemuel_oklob_altar, uniq_aizul, uniq_agnes
Orc:1:    layout_caves
Orc:2:    grunt_orc_gardens, layout_caves, grunt_orc_garden, grunt_orc_garden,
          grunt_orc_garden, grunt_orc_garden, basic_altar, uniq_snorg

Skill      XL: |  1  2  3  4  5  6  7  8  9 10 11 12 13 14 15 |
---------------+----------------------------------------------+-----
Maces & Flails | 3 4 5 6 7 8 9 11 13 14 15 17 18 19 | 19.7
Fighting       | 6 8 11 12 | 12.4
Dodging        | 4 6 |  6.3
Armour         | 1 5 7 9 |  9.1

Action                   |  1- 3 |  4- 6 |  7- 9 | 10-12 | 13-15 || total
-------------------------+-------+-------+-------+-------+-------++-------
Melee: Mace              |   107 |   191 |    45 |   470 |       ||   813
       Flail             |       |    88 |   259 |       |       ||   347
       Giant spiked club |       |       |       |    81 |   935 ||  1016
Invok: Berserk           |       |     2 |     4 |    11 |     3 ||    20
       Trog's Hand       |       |       |       |     2 |     3 ||     5
       Brothers in Arms  |       |       |       |       |     2 ||     2
Evoke: Wand              |       |       |       |     6 |     5 ||    11
       Tin of tremorston |       |       |       |       |     1 ||     1
  Use: Scroll            |       |     5 |       |     9 |    18 ||    32
       Potion            |       |       |     1 |     5 |     2 ||     8
 Stab: Sleeping          |       |     2 |     1 |       |    14 ||    17
       Paralysed         |       |       |       |     5 |     4 ||     9
       Petrified         |       |       |       |     1 |       ||     1
Armor: Animal skin       |    51 |    91 |   109 |   103 |       ||   354
       Shadow dragon sca |       |       |       |    11 |   644 ||   655
Dodge: Dodged            |    82 |   173 |   179 |   204 |   450 ||  1088
Block: Other             |       |       |       |       |    61 ||    61
       Reflection        |       |       |       |       |     2 ||     2

Table legend: (Time is in decaauts)
 A = Elapsed time spent in this place.
 B = Non-inter-level travel time spent in this place.
 C = Inter-level travel time spent in this place.
 D = Time resting spent in this place.
 E = Time spent auto-exploring this place.
 F = Levels seen in this place.
 G = Mean time per level.
                   A        B        C        D        E       F      G
               +--------+--------+--------+--------+--------+-----+--------+
         Total |  23125 |  21742 |   1383 |   3040 |  13808 |  25 |  925.0 |
       Dungeon |  11350 |  10633 |    717 |    629 |   7863 |  14 |  810.7 |
          Lair |   6961 |   6417 |    544 |    396 |   4603 |   6 | 1160.2 |
     Snake Pit |    508 |    507 |      1 |    337 |     50 |   1 |  508.0 |
  Orcish Mines |   3224 |   3104 |    120 |   1349 |   1100 |   2 | 1612.0 |
      Ice Cave |    562 |    562 |      0 |    131 |    191 |   1 |  562.0 |
       Volcano |    517 |    517 |      0 |    196 |      0 |   1 |  517.0 |
               +--------+--------+--------+--------+--------+-----+--------+

Top non-repeatable levels by time:
   Orc:1: 1895 daAuts
  Lair:1: 1604 daAuts
   Orc:2: 1328 daAuts
  Lair:2: 1302 daAuts
  Lair:6: 1277 daAuts
     D:1: 1122 daAuts
     D:3: 1031 daAuts
  Lair:3: 1001 daAuts
     D:7: 992 daAuts
     D:6: 960 daAuts
     D:4: 939 daAuts
  Lair:5: 890 daAuts
  Lair:4: 884 daAuts
    D:10: 869 daAuts
    D:14: 863 daAuts
